 Dungeon Crawl Stone Soup version 0.29.0-5-ge4962eb29e (webtiles) character file.

Game seed: 853960430848035009

2 Flugkiller the Shield-Bearer (level 1, 20/20 HPs)
             Began as a Minotaur Fighter on Aug 29, 2022.
             Was an Initiate of Ashenzari.
             Quit the game on level 1 of the Dungeon.
             The game lasted 00:00:07 (26 turns).

Flugkiller the Shield-Bearer (Minotaur Fighter)       Turns: 26, Time: 00:00:07

Health: 20/20      AC:  6    Str: 20    XL:     1   Next: 25%
Magic:  0/0        EV:  9    Int:  5    God:    Ashenzari [......]
Gold:   12         SH:  4    Dex:  9    Spells: 0/0 levels left

rFire   . . .      SeeInvis .   a - +0 war axe
rCold   . . .      Faith    .   c - +0 buckler
rNeg    . . .      Spirit   .   b - +0 scale mail
rPois   .          Reflect  .   (helmet restricted)
rElec   .          Harm     .   (no cloak)
rCorr   .          Rampage  .   (no gloves)
Will    .....                   (no boots)
Stlth   ..........              (no amulet)
HPRegen 0.06/turn               (no ring)
MPRegen 0.07/turn               (no ring)

@: no status effects
A: horns 2, retaliatory headbutt
a: Renounce Religion


You were on level 1 of the Dungeon.
You worshipped Ashenzari.
Ashenzari was noncommittal.
You visited 1 branch of the dungeon, and saw 1 of its levels.

You collected 12 gold pieces.

Inventory:

Hand Weapons
 a - a +0 war axe (weapon)
Armour
 b - a +0 scale mail (worn)
 c - a +0 buckler (worn)
Potions
 d - a potion of might


   Skills:
 + Level 3.6 Fighting
 * Level 2.5 Axes
 + Level 3.6 Armour
 - Level 3.6 Shields


You couldn't memorise any spells.
You didn't know any spells.
Your spell library was empty.

Dungeon Overview and Level Annotations

Branches:
Dungeon (1/15)

Altars:
Ashenzari


Innate Abilities, Weirdness & Mutations

You have a pair of horns on your head.
You reflexively headbutt those who attack you in melee.


Message History

Welcome, Flugkiller the Minotaur Fighter.
Below lies the Orb of Zot, rumoured to be powerful enough to resurrect a god...
Press ? for a list of commands and other information.
Found 12 gold pieces.
Found an escape hatch in the floor.
Found a staircase leading out of the dungeon.
You now have 12 gold pieces.
A spectral goblin comes into view.
Found a faded altar of an unknown god.
A spectral goblin is nearby!
A spectral goblin is nearby!
A spectral goblin is nearby!
A spectral goblin is nearby!
A spectral goblin is nearby!
Found 4 stones.
You enter the shallow water.
Moving in this stuff is going to be slow.
A hobgoblin comes into view.
You block the spectral goblin's attack.
You slash the spectral goblin!
You destroy the spectral goblin!
You closely miss the hobgoblin.
The hobgoblin hits you but does no damage.
You hit the hobgoblin.
You kill the hobgoblin!
No target in view!
No target in view!
No target in view!
No target in view!
No target in view!
No target in view!
No target in view!
No target in view!
No target in view!
No target in view!
No target in view!
You can't go down here!
There is a faded altar of an unknown god here.
You cannot tell which god this altar belongs to.
Convert to them anyway?
Okay, then.
You cannot tell which god this altar belongs to.
Convert to them anyway?
Ashenzari accepts your prayer! Ashenzari welcomes you!
Ashenzari warns you of distant threats and treasures.
Ashenzari reveals the structure of the dungeon to you.
Ashenzari shows you where magical portals lie.
Are you sure you want to abandon this character and quit the game? (Confirm with "yes".)

########### .........
.~~.~.. ###
.~.#~##.###
#8~~###~~#~8#~..##
#.~.~.@~~~~~#.#...
###.....~~###..# ##
#~~~~~~~#~.~.# #P
#.~~~.~...~....##.#
#~~~~....##.......###
#.~##+++##~..........
..#~ ~~~..~.......##
#.. ........###### .
........#.# #.


There were no monsters in sight!

Vanquished Creatures
  A hobgoblin (D:1)
  A spectral goblin (D:1)
2 creatures vanquished.

Notes
Turn   | Place    | Note
-------+----------+-------------------------------------------
     0 | D:1      | Flugkiller the Minotaur Fighter began the quest for the
                  | Orb.
     0 | D:1      | Reached XP level 1. HP: 19/19 MP: 0/0
    13 | D:1      | Found a faded altar of an unknown god.
    25 | D:1      | Prayed at the altar of an unknown god.
    25 | D:1      | Became a worshipper of Ashenzari the Shackled
    26 | D:1      | Quit the game

Illustrated notes

Levels and vault maps discovered:
D:1:      dpeg_arrival_orchard, layout_rooms,
          dreamdust_ecumenical_altar_drowned_temple, serial_aquarium,
          aquarium_bridge_straight [aquarium_subvault_bridge,
          aquarium_subvault_window, aquarium_subvault_bridge,
          aquarium_subvault_wall], aquarium_bridge_long_joined
          [aquarium_subvault_bridge, aquarium_subvault_bridge,
          aquarium_subvault_bridge, aquarium_subvault_window,
          aquarium_subvault_window, aquarium_subvault_wall],
          aquarium_window_corner, aquarium_window_fake, aquarium_window_corner,
          aquarium_view_2e, aquarium_view_2b, aquarium_balcony_3b,
          aquarium_pool_2, hangedman_decor_growths, minivault_19,
          minmay_tromino_v7

Action                   || total
-------------------------++-------
Melee: War axe           ||     3
Armor: Scale mail        ||     1
Block: Buckler           ||     1
